 Dungeon Crawl Stone Soup version 0.32-a0-131-g9dbbe29261 (webtiles) character file.

Game seed: 5017467327896405221

326 Dittersdorf the Shield-Bearer (level 6, -3/40 HPs)
             Began as a Gargoyle Fighter on Feb 8, 2024.
             Slain by a killer bee (4 damage)
             ... on level 3 of the Dungeon.
             The game lasted 00:02:43 (2429 turns).

Dittersdorf the Shield-Bearer (Gargoyle Fighter)    Turns: 2429, Time: 00:02:44

Health: -3/40      AC: 11    Str: 22    XL:     6   Next: 49%
Magic:  6/6        EV:  9    Int:  8    God:
Gold:   198        SH:  4    Dex:  9    Spells: 5/5 levels left

rFire   . . .        a - +0 flail
rCold   . . .        c - +0 buckler
rNeg    + . .        b - +0 scale mail
rPois   ∞            (no helmet)
rElec   +            (no cloak)
rCorr   .            (no gloves)
SInv    .            (no boots)
Will    .....        h - amulet of regeneration Stlth
                     (no ring)
HPRegen 1.06/turn    (no ring)
MPRegen 0.10/turn

%: no passive effects
@: no status effects
A: sickness immunity, AC +4, negative energy resistance 1, electricity
resistance, torment resistance 1, petrification resistance
a: no special abilities


You were on level 3 of the Dungeon.
You visited 1 branch of the dungeon, and saw 4 of its levels.

You collected 198 gold pieces.

Inventory:

Hand Weapons
 a - a +0 flail (weapon)
Armour
 b - a +0 scale mail (worn)
 c - a +0 buckler (worn)
Jewellery
 h - an amulet of regeneration (around neck)
Wands
 l - a wand of digging (3)
Scrolls
 e - a scroll of blinking {unknown}
 f - 5 scrolls of identify {unknown}
 g - 4 scrolls of teleportation {unknown}
 i - 2 scrolls of noise {unknown}
 k - a scroll of immolation {unknown}
 m - 2 scrolls of fog {unknown}
 o - 2 scrolls of vulnerability {unknown}
 p - a scroll of acquirement {unknown}
 t - a scroll of poison {unknown}
Potions
 d - 3 potions of might
 j - a potion of haste {unknown}
 n - a potion of heal wounds {unknown}
 q - a potion of magic {unknown}
 r - a potion of cancellation {unknown}
 s - a potion of resistance {unknown}


   Skills:
 + Level 4.8 Fighting
 + Level 3.7 Maces & Flails
 + Level 4.7 Armour
 + Level 4.8 Shields


You had 5 spell levels left.
You didn't know any spells.
Your spell library contained the following spells:

 Spells                   Type           Power      Damage    Failure   Level
 Ensorcelled Hibernation  Hex/Ice        0%         N/A       89%         2
 Fugue of the Fallen      Necr           0%         N/A       98%         3
 Inner Flame              Hex/Fire       0%         N/A       98%         3
 Tukima's Dance           Hex            0%         N/A       98%         3
 Anguish                  Hex/Necr       0%         N/A       100%        4
 Dimensional Bullseye     Hex/Tloc       0%         N/A       100%        4
 Flame Wave               Conj/Fire      0%         2d4       100%        4
 Iskenderun's Mystic Bla  Conj/Tloc      0%         2d3       100%        4
 Sticky Flame             Fire/Alch      0%         2d4       100%        4


Dungeon Overview and Level Annotations

Branches:
Dungeon (4/15)
 Temple: D:4-7

Altars:


Innate Abilities, Weirdness & Mutations

You are immune to sickness and miasma.
Your stone body is resilient. (AC +4)
You are immune to poison.
You resist negative energy. (rN+)
You are resistant to electric shocks. (rElec)
You are resistant to unholy torment.
You are immune to petrification.


Message History

The killer bee is moderately wounded.
The killer bee stings you but does no damage.
The killer bee barely misses you. You block the killer bee's attack.
The killer bee closely misses you.
You barely miss the killer bee.
The killer bee is moderately wounded.
The killer bee stings you but does no damage.
The killer bee stings you. You block the killer bee's attack.
The killer bee stings you but does no damage.
The killer bee barely misses you. The killer bee closely misses you.
You miss the killer bee.
The killer bee is moderately wounded.
The killer bee stings you. You block the killer bee's attack.
The killer bee stings you. x2
* * * LOW HITPOINT WARNING * * *
You closely miss the killer bee.
The killer bee is moderately wounded.
The killer bee stings you.
* * * LOW HITPOINT WARNING * * *
The killer bee stings you but does no damage.
You block the killer bee's attack. x2; The killer bee barely misses you.
The killer bee stings you.
* * * LOW HITPOINT WARNING * * *
You sock the killer bee!
The killer bee is severely wounded.
The killer bee closely misses you.
The killer bee stings you but does no damage.
The killer bee stings you!
* * * LOW HITPOINT WARNING * * *
The killer bee barely misses you.
You barely miss the killer bee.
The killer bee is severely wounded.
The killer bee stings you.
* * * LOW HITPOINT WARNING * * *
The killer bee misses you.
The killer bee stings you but does no damage.
The killer bee stings you.
* * * LOW HITPOINT WARNING * * *
The killer bee barely misses you. The killer bee stings you.
You die...

##################
...............y@#
################y#
###########y#
###.........#.#
#..........÷'.#
#.#.........#.# ##
#.#.........#.# .#
#.#.........#.#
.###...........#.#


You could see 3 killer bees.

Vanquished Creatures
  A phantom (D:4)
  A killer bee (D:3)
  2 orc priests (D:2)
  7 adders
  A dart slug (D:2)
  3 ribbon worms (D:2)
  An orc (D:3)
  5 endoplasms
  13 giant cockroaches
  4 goblins
  7 hobgoblins
  7 jackals
  2 kobolds
  6 quokkas
  3 ball pythons
  5 bats
  7 frilled lizards
  A rat (D:1)
76 creatures vanquished.

Notes
Turn   | Place    | Note
-------+----------+-------------------------------------------
     0 | D:1      | Dittersdorf the Gargoyle Fighter began the quest for the
                  | Orb.
     0 | D:1      | Reached XP level 1. HP: 14/14 MP: 1/1
   229 | D:1      | Reached XP level 2. HP: 15/19 MP: 2/2
   743 | D:2      | Reached XP level 3. HP: 24/24 MP: 3/3
   850 | D:2      | Found a faded altar of an unknown god.
  1049 | D:2      | Reached XP level 4. HP: 29/29 MP: 4/4
  1586 | D:3      | Reached XP level 5. HP: 32/33 MP: 5/5
  2361 | D:4      | Noticed a phantom
  2379 | D:4      | Killed a phantom
  2380 | D:4      | Reached XP level 6. HP: 39/39 MP: 6/6
  2428 | D:3      | HP: 2/40 [killer bee (7)]
  2429 | D:3      | Slain by a killer bee

Illustrated notes

Levels and vault maps discovered:
D:1:      dpeg_arrival_triangle_fractal, layout_basic
D:2:      minmay_roachtagon, layout_loops_corners,
          ebering_ecumenical_altar_petrified, minmay_circle_x
D:3:      layout_basic
D:4:      layout_cave_pools

Skill      XL: |  1  2  3  4 |
---------------+-------------+-----
Shields        | 4 |  4.8
Fighting       | 4 |  4.8
Armour         | 4 |  4.7
Maces & Flails | 3 |  3.7

Action                     |  1- 3 |  4- 6 || total
---------------------------+-------+-------++-------
  Melee: Flail             |   123 |   197 ||   320
 Armour: Scale mail        |    96 |   234 ||   330
  Dodge: Dodged            |    69 |   160 ||   229
  Block: Buckler           |    35 |    67 ||   102

Table legend: (Time is in decaauts)
 A = Elapsed time spent in this place.
 B = Non-inter-level travel time spent in this place.
 C = Inter-level travel time spent in this place.
 D = Time resting spent in this place.
 E = Time spent auto-exploring this place.
 F = Levels seen in this place.
 G = Mean time per level.
                   A        B        C        D        E       F      G
               +--------+--------+--------+--------+--------+-----+--------+
         Total |   2526 |   2474 |     52 |     38 |   1734 |   4 |  631.5 |
       Dungeon |   2526 |   2474 |     52 |     38 |   1734 |   4 |  631.5 |
               +--------+--------+--------+--------+--------+-----+--------+

Top non-repeatable levels by time:
     D:2: 1027 daAuts
     D:3: 720 daAuts
     D:1: 655 daAuts
     D:4: 122 daAuts
